 Dungeon Crawl Stone Soup version 0.31-a0-879-g1609e0ac53 (webtiles) character file.

Game seed: 16809616901583465193

2 Kurtz the Sneak (level 1, 0/21 HPs)
             Began as a Naga Delver on Oct 14, 2023.
             Slain by an adder (3 damage)
             ... on level 5 of the Dungeon.
             The game lasted 00:00:52 (249 turns).

Kurtz the Sneak (Naga Delver)                        Turns: 249, Time: 00:00:53

Health: 0/21       AC:  1    Str: 14    XL:     1   Next: 30%
Magic:  1/1        EV:  9    Int: 10    God:
Gold:   9          SH:  0    Dex: 12    Spells: 0/0 levels left

rFire   . . .        a - +0 hand axe
rCold   . . .        (no shield)
rNeg    . . .        b - +0 leather armour
rPois   +            (no helmet)
rElec   .            (no cloak)
rCorr   .            (no gloves)
SInv    +            (no barding)
Will    .....        (no amulet)
Stlth   +++          (no ring)
HPRegen 0.23/turn    (no ring)
MPRegen 0.07/turn

%: no passive effects
@: very slow
A: AC +0, large, see invisible, deformed body, poison resistance, slowness 2,
spit poison 1, naga tail 1
a: Spit Poison


You were on level 5 of the Dungeon.
You visited 1 branch of the dungeon, and saw 2 of its levels.

You collected 9 gold pieces.

Inventory:

Hand Weapons
 a - a +0 hand axe (weapon)
Missiles
 i - a boomerang
Armour
 b - a +0 leather armour (worn)
 j - a +0 chain mail
Wands
 g - a wand of digging (3)
 h - a wand of roots (8)
Scrolls
 c - a scroll of fog
 d - a scroll of revelation
 e - a scroll of fear
Potions
 f - a potion of haste


   Skills:
 - Level 3.0 Fighting
 * Level 2.2 Axes
 - Level 1.5 Dodging
 - Level 7.2 Stealth


You couldn't memorise any spells.
You didn't know any spells.
Your spell library was empty.

Dungeon Overview and Level Annotations

Branches:
Dungeon (5/15)
 Temple: D:4-7

Altars:
Trog

Shops:
D:4 *

Annotations:
D:5 exclusions: hound, iguana and ogre


Innate Abilities, Weirdness & Mutations

Your serpentine skin is tough. (AC +0)
You have supernaturally acute eyesight. (SInv)
Armour fits poorly on your strangely shaped body.
Your system is resistant to poisons. (rPois)
You cover ground very slowly.
You can spit poison.
You have a snake-like lower body.


Message History

There is a stone staircase leading up here.
Aiming: Spit Poison (3% risk of failure)
Press: ? - help, Shift-Dir - straight line, f - adder
Aim: an adder (31% to hit)
The splash of poison misses the adder.
The adder bites you. x2
Unknown command.
You hit the adder.
The adder is lightly wounded.
The adder barely misses you.
Unknown command.
You completely miss the adder.
The adder is lightly wounded.
The adder barely misses you. x2
You hit the adder.
The adder is heavily wounded.
The adder barely misses you.
You closely miss the adder.
The adder is heavily wounded.
The adder misses you. The adder bites you.
You closely miss the adder.
The adder is heavily wounded.
You have got your breath back.
The adder bites you. x2
* * * LOW HITPOINT WARNING * * *
Unknown command.
Aiming: Spit Poison (3% risk of failure)
Press: ? - help, Shift-Dir - straight line, f/p - adder
Aim: an adder (heavily wounded, 31% to hit)
The splash of poison misses the adder.
The adder closely misses you.
Unknown command.
You hit the adder.
The adder is heavily wounded.
The adder bites you.
* * * LOW HITPOINT WARNING * * *
Unknown command.
You completely miss the adder.
The adder is heavily wounded.
You have got your breath back.
The adder closely misses you. The adder bites you.
You die...

.................###.....##......
..#...#.....................#####
..#...#.>.........#####._......#
..#...#...##..#...# #.....###.#
..#...#...###...### #..#..###.#
###...##### ###...## #.###.....#
#...# #....###.# ####### #...#
####>....# ##### #@#.##### #S#.#
#.#.# #.#.# #.#.# #.#.# #...#
#####


You could see an adder.

Vanquished Creatures
  An orc (D:5)
1 creature vanquished.

Notes
Turn   | Place    | Note
-------+----------+-------------------------------------------
     0 | D:5      | Kurtz the Naga Delver began the quest for the Orb.
     0 | D:5      | Reached XP level 1. HP: 21/21 MP: 1/1
    23 | D:5      | Noticed an iguana
    41 | D:5      | Found a bloodstained altar of Trog.
    80 | D:4      | Found Sitiylo's General Store.
   168 | D:5      | Noticed an ogre
   178 | D:5      | Noticed a hound
   249 | D:5      | Slain by an adder

Illustrated notes

Levels and vault maps discovered:
D:4:      layout_loops_ring, bloody_makhleb, minmay_temple_entry_glass,
          gammafunk_ghost_arena, serial_shops, nicolae_stop_n_shop_1
D:5:      layout_basic, bloody_trog

Action                     || total
---------------------------++-------
  Melee: Hand axe          ||    10
Ability: Spit Poison       ||     3
 Armour: Leather armour    ||    11
  Dodge: Dodged            ||     9

Table legend: (Time is in decaauts)
 A = Elapsed time spent in this place.
 B = Non-inter-level travel time spent in this place.
 C = Inter-level travel time spent in this place.
 D = Time resting spent in this place.
 E = Time spent auto-exploring this place.
 F = Levels seen in this place.
 G = Mean time per level.
                   A        B        C        D        E       F      G
               +--------+--------+--------+--------+--------+-----+--------+
         Total |    330 |    287 |     43 |     11 |    166 |   2 |  165.0 |
       Dungeon |    330 |    287 |     43 |     11 |    166 |   2 |  165.0 |
               +--------+--------+--------+--------+--------+-----+--------+

Top non-repeatable levels by time:
     D:5: 324 daAuts
     D:4: 5 daAuts
